 Dungeon Crawl Stone Soup version 0.28.0-43-g3370ac3207 (webtiles) character file.

Game seed: 9879171329891548146

176 Raya the Shooter (level 5, -7/58 HPs)
             Began as a Human Hunter on Mar 30, 2022.
             Mangled by a gnoll sergeant
             ... wielding a +0 trident
              (13 damage)
             ... on level 5 of the Dungeon.
             The game lasted 00:18:18 (3018 turns).

Raya the Shooter (Human Hunter)                     Turns: 3018, Time: 00:18:18

Health: -7/58      AC:  5    Str: 12    XL:     5   Next: 86%
Magic:  5/5        EV: 13    Int: 11    God:
Gold:   135        SH:  0    Dex: 27    Spells: 4/4 levels left

rFire   . . .      SeeInvis .   b - +0 short sword
rCold   . . .      Faith    .   (no shield)
rNeg    + + .      Spirit   .   g - +0 leather armour of Ryatasin {rPois Dex+4}
rPois   +          Reflect  .   (no helmet)
rElec   .          Harm     .   q - +1 cloak of the Planets {rN++ Dex+7}
rCorr   .          Rampage  .   (no gloves)
Will    .....                   (no boots)
Stlth   ..........              (no amulet)
HPRegen 0.19/turn               (no ring)
MPRegen 0.09/turn               (no ring)

@: berserking, very quick
A: no striking features
a: no special abilities


You were on level 5 of the Dungeon.
You visited 1 branch of the dungeon, and saw 4 of its levels.

You collected 135 gold pieces.

Inventory:

Hand Weapons
 a - a +2 shortbow
 b - a +0 short sword (weapon)
Missiles
 d - 12 arrows
 k - 14 bolts
Armour
 g - the +0 leather armour of Ryatasin (worn) {rPois Dex+4}
   (You found it on level 2 of the Dungeon)

   Dex:       It affects your dexterity (+4).
   rPois:     It protects you from poison.
 q - the +1 cloak of the Planets (worn) {rN++ Dex+7}
   (You found it on level 5 of the Dungeon)

   Dex:       It affects your dexterity (+7).
   rN:        It greatly protects you from negative energy.
Jewellery
 e - an amulet of magic regeneration
Scrolls
 j - 2 scrolls of identify {unknown}
 l - a scroll of vulnerability {unknown}
Potions
 h - 2 potions of berserk rage
 m - a potion of cancellation {unknown}
 n - a potion of degeneration {unknown}
 o - a potion of ambrosia {unknown}
 p - a potion of lignification {unknown}


   Skills:
 * Level 2.5 Fighting
 * Level 1.7 Short Blades
 * Level 4.7 Bows
 * Level 1.3 Throwing
 * Level 1.6 Armour
 * Level 2.8 Dodging
 * Level 1.8 Stealth


You had 4 spell levels left.
You didn't know any spells.
Your spell library was empty.

Dungeon Overview and Level Annotations

Branches:
Dungeon (5/15)
 Temple: D:4-7

Altars:


Message History

The gnoll sergeant hits you from afar with a +0 trident.
The gnoll hits you with a +0 whip.
You barely miss the gnoll.
The gnoll is heavily wounded.
The gnoll barely misses you. The gnoll sergeant barely misses you.
The gnoll hits you with a +0 whip.
You hit the gnoll.
The gnoll is almost dead.
The gnoll sergeant barely misses you. The gnoll barely misses you.
You barely miss the gnoll.
The gnoll is almost dead.
The gnoll sergeant barely misses you. The gnoll hits you but does no damage.
You closely miss the gnoll.
The gnoll is almost dead.
The gnoll sergeant closely misses you. The gnoll hits you with a +0 whip.
You hit the gnoll.
You kill the gnoll!
The gnoll sergeant barely misses you.
The gnoll sergeant hits you with a +0 trident!
* * * LOW HITPOINT WARNING * * *
Things that are here:
a +0 whip; a gnoll corpse You feel better.
The gnoll sergeant closely misses you.
It was a potion of berserk rage.
A red film seems to cover your vision as you go berserk!
You feel yourself moving faster!
You feel mighty!
The gnoll sergeant hits you with a +0 trident!
* * * LOW HITPOINT WARNING * * *
You hit the gnoll sergeant but do no damage.
The gnoll sergeant misses you.
You puncture the gnoll sergeant!
The gnoll sergeant is moderately wounded.
The gnoll sergeant hits you with a +0 trident.
* * * LOW HITPOINT WARNING * * *
You hit the gnoll sergeant.
The gnoll sergeant is heavily wounded.
You hit the gnoll sergeant.
The gnoll sergeant is heavily wounded.
The gnoll sergeant hits you with a +0 trident!
You die...

##........##......
###..#....##.....
####.###....##....
##+##............##...
#.).#.##.##.##....###.
##.#.## #.##.# ###.#
#. #g###g# #.##.#
...#. ##.# #g###.##.#
#.#. #.## ##@##.##.#
.. ##g# #.##....# ##
#.## ##.#....#.# #.#
#.#.....# #.#
#...##.#.#
...........#
######.##.#
≈≈≈≈≈.≈≈≈≈.# #.# ##
≈≈≈≈≈.≈≈≈≈... ..#
≈≈≈≈≈.≈≈≈≈..## #..


You could see a gnoll sergeant and a gnoll.

Vanquished Creatures
  Terence (D:2)
  Robin (D:2)
  3 gnolls
  2 adders
  2 dart slugs
  2 orcs (D:3)
  6 bats
  7 endoplasms
  2 giant cockroaches
  17 goblins
  7 hobgoblins (D:2)
  3 jackals (D:2)
  9 kobolds
  7 quokkas
  2 ball pythons
  4 frilled lizards
  6 rats
81 creatures vanquished.

Notes
Turn   | Place    | Note
-------+----------+-------------------------------------------
     0 | D:1      | Raya the Human Hunter began the quest for the Orb.
     0 | D:1      | Reached XP level 1. HP: 16/16 MP: 1/1
    44 | D:1      | Found a faded altar of an unknown god.
    69 | D:1      | Reached XP level 2. HP: 22/22 MP: 2/2
   269 | D:1      | Reached XP level 3. HP: 26/27 MP: 3/3
   695 | D:2      | Noticed Terence
  1232 | D:2      | Killed Terence
  1233 | D:2      | Reached skill level 1 in Short Blades
  1233 | D:2      | Reached XP level 4. HP: 33/33 MP: 4/4
  1287 | D:2      | Identified the +0 leather armour of Ryatasin {rPois Dex+4}
  1407 | D:2      | Reached skill level 1 in Armour
  1667 | D:2      | Noticed Robin
  1670 | D:2      | Killed Robin
  1671 | D:2      | Reached XP level 5. HP: 38/38 MP: 5/5
  2304 | D:3      | Reached skill level 1 in Throwing
  2833 | D:3      | You fall into a shaft and drop 2 floors!
  2833 | D:5      | Entered Level 5 of the Dungeon
  2902 | D:5      | Identified the +1 cloak of the Planets {rN++ Dex+7}
  3018 | D:5      | Mangled by a gnoll sergeant

Illustrated notes

Levels and vault maps discovered:
D:1:      lemuel_arrival_broad_hall, layout_basic,
          ebering_ecumenical_altar_mist, serial_bayou_crossing
D:2:      layout_basic, serial_rivers, chequers_serial_rivers_micro_b,
          chequers_serial_rivers_large_a, chequers_serial_rivers_small_b,
          chequers_serial_rivers_small_a, chequers_serial_rivers_micro_d,
          chequers_serial_rivers_micro_a, uniq_robin, uniq_terence
D:3:      minmay_inner_zag, layout_loops_cross
D:5:      layout_loops_corners, minmay_temple_entry_trees,
          hangedman_decor_riveting, minmay_misc_feat_hallway, minivault_14,
          nrook_mini_backslash, nicolae_sextant, wad_floor_pattern_2,
          grunt_decor_clamped

Skill      XL: |  1  2  3  4  5 |
---------------+----------------+-----
Short Blades   | 1 |  1.7
Armour         | 1 |  1.6
Throwing       | 1 |  1.3
Fighting       | |  2.5
Bows           | |  4.7
Dodging        | |  2.8
Stealth        | |  1.8

Action                   |  1- 3 |  4- 6 || total
-------------------------+-------+-------++-------
Melee: Short sword       |   103 |   115 ||   218
       Punch             |     1 |     2 ||     3
 Fire: Shortbow          |    30 |       ||    30
Throw: Javelin           |    13 |    38 ||    51
  Use: Scroll            |     2 |       ||     2
       Potion            |     4 |     5 ||     9
 Stab: Sleeping          |       |     2 ||     2
Armor: Leather armour    |    26 |    19 ||    45
Dodge: Dodged            |    73 |    84 ||   157
